 Seeded DCSS version 0.29.1-15-g9cfb28693d (webtiles) character file.

Game seed: 16245865983455551772 (custom seed)

2 Atreus the Chopper (level 1, 19/19 HPs)
             Began as a Palentonga Berserker on Mar 10, 2023.
             Was a Follower of Trog.
             Quit the game on level 1 of the Dungeon.
             The game lasted 00:00:55 (93 turns).

Atreus the Chopper (Palentonga Berserker)             Turns: 93, Time: 00:00:56

Health: 19/19      AC:  4    Str: 22    XL:     1   Next: 33%
Magic:  1/1        EV:  9    Int:  7    God:    Trog [*.....]
Gold:   703        SH:  0    Dex:  9    Spells: 0/0 levels left

rFire   . . .      SeeInvis +   a - +0 hand axe
rCold   . . .      Faith    .   (no shield)
rNeg    . . .      Spirit   .   b - +0 animal skin
rPois   .          Reflect  .   (no helmet)
rElec   .          Harm     .   (no cloak)
rCorr   .          Rampage  .   (no gloves)
Will    .....                   (no barding)
Stlth   +.........              (no amulet)
HPRegen 0.06/turn               (no ring)
MPRegen 0.07/turn               (no ring)

@: no status effects
A: large, rugged brown scales 3, see invisible, deformed body, roll 1, armoured
tail
a: Rolling Charge, Renounce Religion, Berserk


You were on level 1 of the Dungeon.
You worshipped Trog.
Trog was aware of your devotion.
You visited 1 branch of the dungeon, and saw 1 of its levels.

You collected 703 gold pieces.

Inventory:

Hand Weapons
 a - a +0 hand axe (weapon)
Armour
 b - a +0 animal skin (worn)
 c - the +4 barding "Iretag" {rElec rN+ Stlth-}
   (You acquired it on level 1 of the Dungeon)

   rElec:     It insulates you from electricity.
   rN:        It protects you from negative energy.
   Stlth:     It makes you less stealthy.
 d - the +13 chain mail "Elevadd" {rPois Will- Int+4 Stlth+}
   (You acquired it on level 1 of the Dungeon)

   Int:       It affects your intelligence (+4).
   rPois:     It protects you from poison.
   Will:      It decreases your willpower.
   Stlth:     It makes you more stealthy.


   Skills:
 + Level 3.0 Fighting
 + Level 3.0 Axes
 + Level 1.5 Armour
 + Level 1.5 Dodging


You couldn't memorise any spells.
You didn't know any spells.
Your spell library was empty.

Dungeon Overview and Level Annotations

Branches:
Dungeon (1/15)

Altars:


Innate Abilities, Weirdness & Mutations

You are completely covered in rugged brown scales. (AC +3, +7% HP)
You have supernaturally acute eyesight. (SInv)
Armour fits poorly on your strangely shaped body.
You can roll at nearby foes to attack.
You have a long armoured tail.


Message History

Press ? for a list of commands and other information.
Found a sling.
Found a staircase leading out of the dungeon.
Found two escape hatches in the floor.
Found a dagger.
You see here a +0 dagger.
A goblin comes into view. It is wielding a +0 dagger.
The goblin shouts!
A quokka comes into view.
An endoplasm comes into view.
The endoplasm quivers.
The goblin hits you but does no damage.
Roll where?
Press: ? - help, Q - select action Dir - move target, f - endoplasm
Aim: an endoplasm You roll forward with a clatter of scales!
Found 3 scrolls labelled WAC GOIFOFITOUPLEC.
You slash the endoplasm!
You kill the endoplasm!
Trog accepts your kill.
Roll where?
Press: ? - help, Q - select action Dir - move target, f - goblin
Aim: a goblin, wielding a +0 dagger (sparse dust)
You roll forward with a clatter of scales!
You slash the goblin!
You kill the goblin!
Trog accepts your kill.
c - 3 scrolls labelled WAC GOIFOFITOUPLEC
There are no items here.
This is a scroll of acquirement!
Something appears at your feet!
d - the +13 chain mail "Elevadd" {rPois Will- Int+4 Stlth+} Unknown command.
Something appears at your feet!
You now have 703 gold pieces.
Something appears at your feet!
c - the +4 barding "Iretag" {rElec rN+ Stlth-} You aren't carrying any scrolls.
Unknown command.
Are you sure you want to abandon this character and quit the game? (Confirm with "yes".)

####### #......
#.##### ########
#.### #
#@.....#####.#.###
#.####............
#.# ######....###
#.# #.....# # #.#
##....... #.#
##.##### #.# #.#
#.# #.# #+#


There were no monsters in sight!

Vanquished Creatures
  An endoplasm (D:1)
  A goblin (D:1)
2 creatures vanquished.

Notes
Turn   | Place    | Note
-------+----------+-------------------------------------------
     0 | D:1      | Atreus the Palentonga Berserker began the quest for the
                  | Orb.
     0 | D:1      | Reached XP level 1. HP: 19/19 MP: 1/1
    87 | D:1      | Identified 3 scrolls of acquirement
    87 | D:1      | Acquired the +13 chain mail "Elevadd" {rPois Will- Int+4
                  | Stlth+}
    89 | D:1      | Acquired 703 gold pieces
    91 | D:1      | Acquired the +4 barding "Iretag" {rElec rN+ Stlth-}
    93 | D:1      | Quit the game

Illustrated notes

Levels and vault maps discovered:
D:1:      minmay_arrival_hallway, layout_loops_corners, basic_ecumenical_altar,
          minmay_unequal

Action                   || total
-------------------------++-------
Melee: Hand axe          ||     2
 Abil: Rolling Charge    ||     2
  Use: Scroll            ||     3
Armor: Animal skin       ||     1
